Map: Frozen Temple

Players

Fropez - Winner!

  • Race: Protoss Protoss
  • League: Gold
  • Spawn Location: 11:00

kopi

  • Race: Terran Terran
  • League: Silver
  • Spawn Location: 5:00

VOD

Have the link to the VOD?

Description

Time

  • Played on: Aug. 18, 2016, 11:37 a.m.
  • Length: 18:29
Show
View Real Time Build Order
Export as new Build Order

Fropez Protoss - Winner!

Build Orders: 1 Gate Expand 

Get SALT Encoding   

  12  0:09  Pylon  
  12  0:13  Probe (Chrono Boost)  
  13  0:23  Probe (Chrono Boost)  
  14  0:30  Gateway  
  14  0:35  Probe (Chrono Boost)  
  15  1:08  Nexus  
  15  1:16  Probe (Chrono Boost)  
  16  1:27  Probe (Chrono Boost)  
  17  1:37  Cybernetics Core  
  17  1:39  Probe (Chrono Boost)  
  18  1:44  Pylon  
  18  1:45  Assimilator  
  17  1:50  Probe (Chrono Boost)  
  18  2:06  Gateway  
  18  2:11  Gateway  
  18  2:14  Probe (Chrono Boost)  
  19  2:21  Probe (Chrono Boost)  
  20  2:34  Probe  
  20  2:35  Assimilator  
  21  2:47  Probe  
  21  2:49  Assimilator  
  21  2:51  Forge  
  22  2:59  Warp Gate (Chrono Boost)  
  22  3:03  Adept  
  24  3:06  Adept  
  26  3:16  Probe  
  26  3:17  Pylon  
  27  3:22  Pylon  
  27  3:29  Pylon  
  27  3:31  Probe  
  28  3:39  Adept  
  30  3:46  Probe x2  
  32  3:57  Adept  
  32  3:58  Adept  
  36  4:12  Twilight Council  
  36  4:13  Protoss Ground Weapons Level 1 (Chrono Boost)  
  36  4:30  Photon Cannon  
  36  4:34  Mothership Core  
  38  4:49  Pylon  
  38  4:55  Probe  
  38  4:59  Blink (Chrono Boost)  
  39  5:02  Stalker x2  
  43  5:07  Probe  
  43  5:08  Probe  
  45  5:14  Stalker  
  47  5:26  Probe  
  47  5:28  Probe  
  49  5:34  Robotics Facility  
  49  5:38  Pylon  
  49  5:58  Probe  
  49  5:59  Probe, Stalker  
  49  6:00  Stalker  
  49  6:01  Stalker  
  57  6:15  Gateway  
  57  6:17  Gateway  
  57  6:21  Gateway  
  57  6:23  Observer  
  52  6:41  Stalker x2  
  52  6:42  Stalker  
  44  7:21  Stalker x3  
  44  7:32  Pylon  
  44  7:34  Pylon  
  38  7:48  Stalker x3  
  38  7:49  Stalker x2  
  48  8:00  Probe  
  48  8:01  Probe  
  48  8:18  Stalker x4  
  54  8:27  Stalker  
  56  8:42  Stalker x2  
  60  8:54  Probe  
  60  8:55  Probe  
  62  9:11  Stalker x4  
  62  9:15  Probe  
  62  9:16  Assimilator  
  71  9:23  Warp Prism  
  73  9:59  Observer  
  74  10:09  Probe  
  74  10:10  Probe  
  74  10:11  Nexus  
  76  10:14  Assimilator  
  76  10:16  Assimilator  
  76  10:24  Adept x3  
  76  10:26  Probe  
  76  10:27  Probe  
  84  10:34  Forge  
  84  10:36  Pylon  
  66  11:13  Stalker  
  66  11:14  Stalker x3  
  66  11:16  Observer (Chrono Boost)  
  73  11:23  Probe  
  73  11:24  Probe  
  73  11:37  Probe  
  73  11:38  Probe  
  71  11:40  Stalker x2  
  67  12:16  Stalker x2  
  67  12:17  Probe, Stalker  
  66  12:44  Pylon  
  64  12:47  Pylon  
  64  12:50  Probe  
  64  12:51  Pylon  
  65  12:52  Probe  
  66  13:05  Photon Cannon  
  66  13:11  Probe  
  66  13:12  Pylon  
  67  13:13  Probe  
  67  13:16  Pylon  
  68  13:35  Stalker x3  
  66  13:59  Stalker  
  66  14:00  Stalker x2  
  66  14:01  Stalker  
  68  14:07  Probe  
  68  14:08  Probe x2  
  71  14:24  Probe x2  
  73  14:31  Templar Archives  
  73  14:37  Probe  
  73  14:38  Probe  
  75  14:51  Probe  
  75  14:52  Probe  
  77  14:53  Dark Shrine  
  77  14:55  Pylon  
  77  15:03  Stalker x2  
  77  15:04  Stalker x2  
  69  15:52  Stalker  
  69  15:53  Stalker x4  
  77  15:57  Gateway  
  77  15:58  Probe  
  77  16:00  Probe  
  77  16:01  Gateway  
  77  16:06  Gateway  
  77  16:22  Dark Templar  
  77  16:23  Dark Templar x2  
  81  17:13  Stalker x4  
Show
View Real Time Build Order
Export as new Build Order

kopi Terran 

Build Orders:  

Get SALT Encoding   

  12  0:01  SCV  
  13  0:13  SCV  
  14  0:18  Supply Depot  
  14  0:25  SCV  
  15  0:31  Refinery  
  15  0:40  SCV  
  16  0:42  Refinery  
  16  0:51  Supply Depot  
  16  1:06  Barracks  
  16  1:15  SCV  
  17  1:21  Supply Depot  
  17  1:27  SCV  
  18  1:39  SCV  
  19  1:51  SCV  
  20  1:55  Marine, Factory  
  21  2:07  Orbital Command  
  21  2:15  Marine  
  22  2:27  Factory  
  22  2:33  SCV  
  23  2:41  Starport  
  23  2:42  Factory Tech Lab  
  23  2:47  Marine  
  24  2:52  SCV  
  25  3:03  Siege Tank  
  25  3:04  SCV  
  29  3:15  Starport  
  29  3:22  Factory Reactor  
  29  3:25  Marine  
  30  3:29  SCV  
  30  3:32  Supply Depot  
  30  3:33  Starport Reactor  
  31  3:43  SCV  
  32  3:54  Starport Tech Lab  
  32  4:02  Hellion x2  
  36  4:07  Infernal Pre-Igniter  
  36  4:22  Viking  
  38  4:24  Marine  
  38  4:26  Hellion x2  
  38  4:29  Widow Mine  
  45  4:38  Supply Depot  
  45  4:42  Marine  
  46  4:57  Cloaking Field  
  46  4:59  Banshee  
  49  5:03  Supply Depot  
  49  5:05  Supply Depot  
  49  5:13  Hellion x2  
  53  5:16  Marine  
  54  5:24  Viking  
  56  5:28  Supply Depot  
  56  5:33  Viking  
  58  5:36  Hellion  
  58  5:39  Hellion  
  62  5:56  Barracks Reactor  
  62  6:03  Siege Tank  
  65  6:05  Hellion x2  
  69  6:26  Hellion x2  
  73  6:34  Marine x2  
  71  6:52  Marine  
  72  6:56  Siege Tank  
  59  7:29  Marine x2  
  49  7:30  Siege Tank  
  49  7:31  Hellion x2  
  49  7:32  Viking  
  50  7:57  Hellion  
  50  7:59  Hellion  
  50  8:03  Siege Tank  
  52  8:18  Hellion  
  51  8:21  Hellion  
  51  8:25  Viking x2  
  52  8:35  Hellion  
  52  8:40  Hellion  
  52  8:42  Hellion  
  47  8:56  Hellion  
  46  9:20  Command Center, Banshee  
  49  9:35  Siege Tank  
  49  9:59  Liberator x2  
  49  10:09  Command Center  
  49  10:12  Banshee  
  58  10:43  Siege Tank  
  58  10:48  Command Center  
  52  11:38  Orbital Command  
  52  11:43  Orbital Command  
  43  12:51  SCV  
  43  12:54  Refinery  
  43  12:56  Refinery  
  44  13:07  Orbital Command  
  44  13:28  Liberator  
  44  13:36  Widow Mine  
  44  13:37  Widow Mine  
  44  13:38  Siege Tank, Refinery  
  51  13:41  Marine  
  51  13:42  Marine  
  51  13:47  Banshee  
  53  14:01  SCV  
  54  14:11  Siege Tank  
  54  14:13  SCV  
  58  14:24  Liberator  
  58  14:25  Liberator  
  58  14:30  SCV  
  56  14:32  SCV  
  57  14:44  SCV  
  64  14:48  SCV  
  65  14:56  SCV  
  66  15:00  Liberator  
  66  15:11  Widow Mine  
  66  15:12  Widow Mine, Supply Depot  
  70  15:14  Siege Tank  
  52  16:17  SCV  
  53  16:22  Medivac  
  53  16:23  Medivac  
  57  16:29  Barracks  
  57  16:39  Barracks  
  57  16:42  Barracks  
  57  16:44  Barracks  
Tags
 
Matchup
PvT
Replay Pack
All Mines
Spawn Locations
Cross Positions
Add a new tag
Caveats
  • Supply blocks, unpowered buildings, or Contaminate may cause inaccurate times.
  • Supply counts are checked every 10 seconds.